 Dungeon Crawl Stone Soup version 0.14.0-9-g9c5475a (webtiles) character file.

483 4tharraofdagon the Skirmisher (level 6, -1/41 HPs)
             Began as a Halfling Wanderer on Apr 14, 2014.
             Slain by an orc warrior
             ... wielding a +0,+0 war axe
              (15 damage)
             ... on Level 6 of the Dungeon.
             The game lasted 00:15:40 (2519 turns).

4tharraofdagon the Skirmisher (Halfling Wanderer)   Turns: 2519, Time: 00:15:40

HP  -1/41        AC  7     Str 11      XL: 6   Next: 71%
MP   7/7         EV 15     Int 13      God:
Gold 170         SH  0     Dex 18      Spells:  0 memorised,  5 levels left

rFire  . . .     SeeInvis .     k - scroll of noise
rCold  . . .     Clarity  +     C - +2 leather armour of the Blessed Realm {+Blink rN+ Str+3}
rNeg   + . .     Conserve .     (no shield)
rPois  .         rCorr    .     j - +0 helmet
rElec  .         rRot     .     (no cloak)
SustAb . .       Spirit   .     (no gloves)
rMut   .         Warding  .     f - +0 pair of boots
Saprov . . .     Stasis   .     (no amulet)
MR     .....                    (no ring)
                                n - ring of sustenance

@: not resistant to hostile enchantments, stealthy
A: clarity, frail 1, mutation resistance 1, slow metabolism 1
a: Evoke Blink


You were on level 6 of the Dungeon.
You were not hungry.

You visited 1 branch of the dungeon, and saw 7 of its levels.

You collected 170 gold pieces.

Inventory:

Hand weapons
 c - a +0,+0 quarterstaff
 e - a +0,+0 dagger
 g - a +0 blowgun
 q - a -1,+0 dagger
 r - a +0,+0 war axe
 t - a +0,+0 bow
 w - the +0,+1 dagger of Vanity {distort, rPois MR+ SInv}
   (You found it on level 5 of the Dungeon)

   It warps and distorts space around it.
   Unwielding it can cause banishment or high damage.
   It protects you from poison.
   It affects your resistance to hostile enchantments.
   It enhances your eyesight.
Missiles
 h - 2 needles of sleeping
 m - a poisoned needle
Armour
 d - a +0 robe
 f - a +0 pair of boots (worn)
 i - a +0 robe
 j - a +0 helmet (worn)
 s - a +2 ring mail
 y - a +0 ring mail of poison resistance
 C - the +2 leather armour of the Blessed Realm (worn) {+Blink rN+ Str+3}
   (You found it on level 7 of the Dungeon)

   It affects your strength (+3).
   It protects you from negative energy.
   It lets you blink.
Comestibles
 a - a meat ration
 B - a rotting chunk of rat flesh
 D - a rotting chunk of hound flesh
Scrolls
 k - a scroll of noise (in hand)
 A - a scroll of remove curse
Jewellery
 n - a ring of sustenance (left hand)
Potions
 b - 4 potions of heal wounds
 l - a potion of curing
 o - a potion of restore abilities
 p - a potion of lignification
 u - a potion of poison {unknown}
 z - a potion of haste {unknown}


   Skills:
 - Level 6.0 Fighting
 + Level 3.1 Armour
 + Level 4.4 Dodging
 - Level 2.6 Stealth
 - Level 1.0 Unarmed Combat
 - Level 1.1 Evocations


You had 5 spell levels left.
You didn't know any spells.

Dungeon Overview and Level Annotations

Branches:
Dungeon (7/15)             Temple (0/1) D:7

Altars:
Dithmenos
Elyvilon
Nemelex Xobeh

Annotations:
D:2 Sigmund
D:4 Dowan
D:5 Pikel
D:7 Eustachio


Innate Abilities, Weirdness & Mutations

You are small and have problems with some larger weapons.
You are somewhat resistant to further mutation.
You have a slow metabolism.
You possess an exceptional clarity of mind.
You are frail (-10% HP).


Message History

You swing at nothing.
You swing at nothing.
The orc warrior shouts!
You swing at nothing.
The orc warrior hits you with a war axe.
You swing at nothing.
The orc warrior completely misses you.
You swing at nothing.
The orc warrior hits you but does no damage.
You swing at nothing.
The orc warrior closely misses you. The orc warrior barely misses you.
You swing at nothing.
The orc warrior closely misses you.
You smell something rotten. (slot D)
You swing at nothing.
The orc warrior closely misses you.
You swing at nothing.
The orc warrior hits you with a war axe.
You swing at nothing.
The orc warrior hits you with a war axe!
You swing at nothing.
The orc warrior completely misses you.
The orc warrior hits you with a war axe!
You die...

#####...####
...........#
##......##.#
#.....# #.# #...##
#.# ### #.# #.#
#.###### #####
####.##..@# #...#
#....##.o.#
#...####....##...#
#......#....#...##
.................#
####............##
#####.........##
#.............#
##.......##.####


You could see an orc warrior.

Vanquished Creatures
  Duvessa (D:4)
  A centaur zombie (D:7)
  A hound (D:7)
  2 worker ants (D:4)
  A big kobold skeleton (D:7)
  2 adders
  A white imp (D:7)
  An inept item mimic (D:3)
  A giant mite (D:4)
  An adder skeleton (D:6)
  2 oozes (D:3)
  6 orcs
  2 ball pythons
  8 bats
  A bat skeleton (D:4)
  9 giant cockroaches
  7 goblins
  7 hobgoblins
  7 giant geckos
  A hobgoblin skeleton (D:6)
  4 kobolds
  4 quokkas
  6 rats
  A butterfly (D:7)
77 creatures vanquished.

Notes
Turn   | Place    | Note
--------------------------------------------------------------
     0 | D:1      | 4tharraofdagon, the Halfling Wanderer, began the quest for the Orb.
     0 | D:1      | Reached XP level 1. HP: 18/18 MP: 1/1
   128 | D:2      | Reached XP level 2. HP: 24/24 MP: 2/2
   282 | D:2      | Reached skill level 1 in Dodging
   344 | D:1      | Reached XP level 3. HP: 27/30 MP: 3/3
   408 | D:1      | Reached skill level 1 in Armour
   447 | D:2      | Noticed Sigmund
   597 | D:3      | Gained mutation: You possess an exceptional clarity of mind. [potion of mutation]
   608 | D:4      | Noticed Duvessa
   612 | D:4      | Noticed Dowan
   621 | D:4      | Killed Duvessa
   621 | D:4      | Reached skill level 6 in Fighting
   621 | D:4      | Reached XP level 4. HP: 26/36 MP: 4/4
   621 | D:4      | Reached XP level 5. HP: 29/41 MP: 5/5
   900 | D:5      | Entered Level 5 of the Dungeon
   900 | D:5      | Noticed Pikel
   900 | D:5      | Noticed a slave
   900 | D:5      | Noticed a slave
  1238 | D:4      | Noticed a scorpion
  1342 | D:4      | Reached XP level 6. HP: 42/46 MP: 7/7
  1372 | D:4      | Gained mutation: You are frail (-10% HP). [potion of mutation]
  1671 | D:4      | Noticed a wraith
  1687 | D:5      | Got a slimy dagger
  1693 | D:6      | Noticed a sky beast
  1703 | D:6      | Identified the cursed +0,+1 dagger of Vanity {distort, rPois MR+ SInv} (You found it on level 5 of the Dungeon)
  1704 | D:6      | :D
  1931 | D:6      | Found a shadowy altar of Dithmenos.
  2194 | D:7      | Found a sparkling altar of Nemelex Xobeh.
  2318 | D:7      | Got a pitted leather armour
  2354 | D:7      | Identified the +2 leather armour of the Blessed Realm {+Blink rN+ Str+3} (You found it on level 7 of the Dungeon)
  2382 | D:7      | Noticed Eustachio
  2388 | D:7      | Found a staircase to the Ecumenical Temple.
  2445 | D:7      | Found a white marble altar of Elyvilon.
  2453 | D:7      | Noticed a black bear
  2510 | D:6      | Noticed an orc warrior
  2519 | D:6      | Slain by an orc warrior

Action                   |  1- 3 |  4- 6 || total
-------------------------+-------+-------++-------
Melee: Quarterstaff      |    66 |    31 ||    97
       Dagger            |       |    41 ||    41
       War axe           |       |   133 ||   133
 Fire: Blowgun           |     7 |     7 ||    14
  Use: Potion            |     4 |     1 ||     5
       Scroll            |     2 |     8 ||    10
 Stab: Sleeping          |     6 |     4 ||    10
       Invisible         |     3 |       ||     3
